 Dungeon Crawl Stone Soup version 0.29-a0-1027-gcd8c55af63 (webtiles) character file.

Game seed: 12943968778665556813

38 Ijustatesigmund the Digger (level 3, -1/21 HPs)
             Began as an Octopode Earth Elementalist on Aug 12, 2022.
             Slain by a kobold
             ... wielding a +0 whip
              (6 damage)
             ... on level 3 of the Dungeon.
             The game lasted 00:04:04 (1443 turns).

Ijustatesigmund the Digger (OpEE)                   Turns: 1443, Time: 00:04:05

Health: -1/21      AC:  1    Str:  7    XL:     3   Next: 43%
Magic:  5/7        EV: 13    Int: 19    God:
Gold:   135        SH:  0    Dex: 12    Spells: 1/7 levels left

rFire   + + .      SeeInvis +   l - +3 flail of Peril {vorpal, rElec rF++}
rCold   . . .      Faith    .   (no shield)
rNeg    . . .      Spirit   .   (helmet restricted)
rPois   .          Reflect  .   (no amulet)
rElec   +          Harm     .   j - ring of see invisible
rCorr   .          Rampage  .   (no ring)
Will    .....                   (no ring)
Stlth   +++.......              (no ring)
HPRegen 0.07/turn               (no ring)
MPRegen 0.10/turn               (no ring)
                                (no ring)
                                (no ring)

@: no status effects
A: almost no armour, amphibious, 8 rings, camouflage 1, gelatinous body 1,
(nimble swimmer 1), tentacles
a: no special abilities


You were on level 3 of the Dungeon.
You visited 1 branch of the dungeon, and saw 3 of its levels.

You collected 135 gold pieces.

Inventory:

Hand Weapons
 b - a +0 vampiric whip
 l - the +3 flail of Peril (weapon) {vorpal, rElec rF++}
   (You found it on level 2 of the Dungeon)

   It inflicts extra damage upon your enemies.
   rF:        It greatly protects you from fire.
   rElec:     It insulates you from electricity.
Jewellery
 j - a ring of see invisible (left tentacle)
Scrolls
 f - a scroll of butterflies {unknown}
 g - a scroll of amnesia {unknown}
 k - a scroll of teleportation {unknown}
Potions
 a - a potion of magic
 c - a potion of haste
 e - 4 potions of curing
 h - a potion of ambrosia
 i - a potion of attraction {unknown}


   Skills:
 - Level 2.0 Dodging
 - Level 2.6 Stealth
 + Level 2.8 Spellcasting
 + Level 0.4 Conjurations
 - Level 1.0 Transmutations
 - Level 3.6 Earth Magic


You had one spell level left.
You knew the following spells:

 Your Spells              Type           Power      Damage    Failure   Level
a - Sandblast             Erth           32%        2d9       3%          1
b - Stone Arrow           Conj/Erth      20%        3d8       21%         3
c - Passwall              Tmut/Erth      9%         N/A       9%          2

Your spell library contained the following spells:

 Spells                   Type           Power      Damage    Failure   Level
 Petrify                  Tmut/Erth      11%        N/A       52%         4


Dungeon Overview and Level Annotations

Branches:
Dungeon (3/15)

Altars:


Innate Abilities, Weirdness & Mutations

You cannot wear most types of armour.
You are amphibious.
You can wear up to eight rings at the same time.
Your skin changes colour to match your surroundings (Stealth+).
Your rubbery body absorbs attacks. (AC +1, EV +1)
((You are camouflaged when in or above water. (Stealth+)))
You have tentacles for arms and can constrict up to eight enemies at once.


Message History

There is a stone staircase leading up here.
An endoplasm is nearby!
A kobold comes into view. It is wielding a +0 whip.
There is a stone staircase leading down here.
The helpless endoplasm fails to defend itself.
You hit the endoplasm.
The endoplasm is almost dead.
The endoplasm hits you.
You hit the endoplasm.
You kill the endoplasm!
A gnoll comes into view. It is wielding a +0 flail.
A gnoll comes into view. It is wielding a +0 flail.
Found 12 gold pieces.
The gnoll shouts!
The gnoll moves out of view.
A gnoll comes into view. It is wielding a +0 whip.
The gnoll shouts! x2; The kobold shouts!
A gnoll comes into view. It is wielding a +0 club.
The kobold throws a stone.
The stone closely misses you.
There is a stone staircase leading up here.
Casting: Sandblast (safe; 3% risk of failure)
Confirm with . or Enter, or press ? or * to list all spells.
Aiming: Sandblast (safe; 3% risk of failure)
Press: ? - help, Shift-Dir - straight line, f - gnoll
Aim: a gnoll, wielding a +0 flail (84% to hit)
The blast of sand hits the gnoll.
The gnoll is heavily wounded.
The gnoll hits you with a +0 flail!
Casting: Sandblast (safe; 3% risk of failure)
Confirm with . or Enter, or press ? or * to list all spells.
Aiming: Sandblast (safe; 3% risk of failure)
Press: ? - help, Shift-Dir - straight line, f/p - gnoll
Aim: a gnoll, wielding a +0 flail (heavily wounded, 84% to hit)
The blast of sand hits the gnoll but does no damage.
The gnoll is heavily wounded.
The gnoll shouts!
The gnoll hits you with a +0 flail!
* * * LOW HITPOINT WARNING * * *
The gnoll closely misses you. The kobold hits you with a +0 whip.
You die...

### ...##
####.#.
g.$..g.
#...######
#...g.K##
##.g..gg@##
#.......>.#
#.........#
#.........#
...........#
###.........#
#....$...##
#.........
#.........#


You could see 4 gnolls and a kobold.

Vanquished Creatures
  An adder (D:2)
  4 bats
  5 endoplasms
  A giant cockroach (D:1)
  2 goblins (D:1)
  A hobgoblin (D:2)
  3 kobolds (D:1)
  2 quokkas (D:1)
  2 ball pythons (D:2)
  3 frilled lizards
  4 rats
28 creatures vanquished.

Notes
Turn   | Place    | Note
-------+----------+-------------------------------------------
     0 | D:1      | Ijustatesigmund the Octopode Earth Elementalist began the
                  | quest for the Orb.
     0 | D:1      | Reached XP level 1. HP: 11/11 MP: 3/3
   261 | D:1      | Found a faded altar of an unknown god.
   264 | D:1      | Reached XP level 2. HP: 17/17 MP: 3/5
   916 | D:2      | Reached XP level 3. HP: 21/21 MP: 5/7
   920 | D:2      | Learned a level 3 spell: Stone Arrow
   923 | D:2      | Learned a level 2 spell: Passwall
  1393 | D:2      | Identified the +3 flail of Peril {vorpal, rElec rF++}
  1443 | D:3      | Slain by a kobold

Illustrated notes

Levels and vault maps discovered:
D:1:      dpeg_arrival_round_a, layout_loops_ring,
          chequers_ecumenical_altar_simple_redux
D:2:      layout_basic
D:3:      layout_rooms, bloody_trog

Action                   || total
-------------------------++-------
Melee: Hand axe          ||     2
       Flail             ||     2
       Whip              ||     1
       Constrict         ||     1
       Tentacles         ||     1
 Cast: Sandblast         ||    33
  Use: Scroll            ||     3
 Stab: Sleeping          ||     1
Dodge: Dodged            ||     8

Table legend: (Time is in decaauts)
 A = Elapsed time spent in this place.
 B = Non-inter-level travel time spent in this place.
 C = Inter-level travel time spent in this place.
 D = Time resting spent in this place.
 E = Time spent auto-exploring this place.
 F = Levels seen in this place.
 G = Mean time per level.
                   A        B        C        D        E       F      G
               +--------+--------+--------+--------+--------+-----+--------+
         Total |   1473 |   1426 |     47 |      0 |   1190 |   3 |  491.0 |
       Dungeon |   1473 |   1426 |     47 |      0 |   1190 |   3 |  491.0 |
               +--------+--------+--------+--------+--------+-----+--------+

Top non-repeatable levels by time:
     D:1: 932 daAuts
     D:2: 523 daAuts
     D:3: 18 daAuts
